Map: Crête de Lerilak

Players

AcerBly (Bly) - Winner!

  • Race: Zerg Zerg

Reynor

  • Race: Zerg Zerg
  • League: Grandmaster

Event: NationWars III

VOD

Have the link to the VOD?

Description

Time

  • Played on: Nov. 19, 2015, 1:09 p.m.
  • Length: 9:50

All games in this series

Show
View Real Time Build Order
Export as new Build Order

AcerBly Zerg - Winner!

Build Orders: Pool First 

Get SALT Encoding   

  12  0:01  Drone  
  13  0:11  Drone  
  13  0:13  Extractor  
  13  0:29  Spawning Pool  
  13  0:33  Drone  
  13  0:41  Drone  
  14  0:48  Overlord  
  14  1:15  Queen  
  14  1:16  Metabolic Boost  
  16  1:19  Zergling x2  
  16  1:20  Zergling x2  
  16  1:24  Zergling x2  
  19  1:48  Hatchery  
  18  1:57  Zergling x4  
  20  2:03  Overlord  
  20  2:15  Drone  
  21  2:20  Queen  
  23  2:29  Drone x2  
  25  2:42  Spine Crawler  
  25  2:45  Zergling x2  
  25  2:46  Zergling x4  
  25  2:50  Spine Crawler  
  23  3:01  Zergling x4  
  23  3:05  Spine Crawler  
  24  3:24  Queen  
  24  3:26  Zergling x6  
  20  3:55  Zergling x2  
  20  3:56  Zergling x10  
  26  4:12  Zergling x4  
  26  4:15  Queen  
  29  4:27  Queen  
  29  4:29  Drone x2  
  31  4:36  Drone  
  31  4:45  Drone x3  
  33  5:01  Zergling x4  
  33  5:08  Overlord  
  33  5:10  Drone x2  
  35  5:15  Baneling Nest  
  34  5:22  Drone x2  
  34  5:28  Overlord  
  36  5:41  Overlord  
  36  5:48  Drone x5  
  41  5:53  Zergling x2  
  42  6:03  Baneling x4  
  42  6:05  Drone x2  
  42  6:10  Overlord  
  44  6:21  Drone x4  
  44  6:22  Drone  
  49  6:26  Overlord  
  49  6:30  Drone x2  
  51  6:38  Drone x4  
  53  6:42  Extractor  
  53  6:45  Extractor  
  50  6:54  Overlord  
  50  6:56  Roach Warren  
  48  7:02  Drone x3  
  48  7:03  Drone x3  
  53  7:27  Baneling x2  
  53  7:28  Baneling  
  53  7:32  Overlord  
  53  7:36  Roach  
  53  7:37  Roach x7  
  69  7:39  Roach  
  69  7:42  Roach  
  73  7:45  Hatchery  
  72  8:07  Roach x3  
  72  8:08  Roach x3  
  72  8:09  Overlord  
  84  8:14  Overlord x2  
  84  8:20  Overlord  
  84  8:31  Zergling x14  
  91  8:35  Ravager  
  91  8:36  Ravager  
  91  8:37  Ravager x2  
  94  8:53  Zergling x14  
  99  9:05  Zergling x10  
  97  9:14  Zergling x6  
  99  9:21  Overlord  
  98  9:30  Zergling x10  
  98  9:31  Zergling x2  
Show
View Real Time Build Order
Export as new Build Order

Reynor Zerg 

Build Orders: Pool First, Zergling Baneling 

Get SALT Encoding   

  12  0:01  Drone  
  13  0:08  Extractor  
  13  0:11  Drone  
  13  0:29  Spawning Pool  
  13  0:34  Drone  
  13  0:39  Drone  
  14  0:45  Extractor  
  14  0:46  Drone  
  15  0:55  Overlord  
  15  1:17  Metabolic Boost  
  15  1:18  Queen  
  17  1:22  Zergling x2  
  18  1:25  Zergling x2  
  18  1:30  Zergling x2  
  20  1:33  Drone  
  21  1:44  Overlord  
  21  1:51  Baneling Nest  
  20  1:56  Zergling x2  
  21  2:09  Zergling x2  
  22  2:16  Zergling x2  
  23  2:27  Zergling x2  
  23  2:28  Zergling x4  
  25  2:39  Baneling x2  
  25  2:41  Zergling x2  
  23  2:59  Hatchery  
  23  3:00  Zergling x6  
  23  3:04  Baneling  
  23  3:05  Baneling  
  25  3:08  Baneling  
  25  3:15  Drone x2  
  25  3:19  Zergling x2  
  27  3:28  Zergling x2  
  27  3:33  Zergling x4  
  28  3:41  Zergling x4  
  27  3:51  Zergling x2  
  24  3:58  Queen  
  24  4:00  Baneling  
  25  4:03  Baneling  
  25  4:04  Drone, Baneling  
  26  4:13  Drone  
  25  4:26  Overlord  
  25  4:28  Overlord  
  24  4:45  Zergling x8  
  27  4:47  Baneling  
  27  4:48  Zergling x2  
  27  4:50  Zergling x2  
  27  4:51  Queen  
  31  4:56  Drone  
  31  5:13  Hatchery  
  30  5:20  Overlord  
  30  5:37  Spine Crawler  
  30  5:38  Drone  
  30  5:40  Drone x2  
  30  5:42  Drone  
  33  5:49  Evolution Chamber  
  32  5:55  Drone  
  33  6:03  Drone  
  33  6:04  Drone x2  
  36  6:05  Drone  
  37  6:17  Drone  
  37  6:26  Drone  
  37  6:28  Drone  
  38  6:34  Drone  
  38  6:35  Drone, Zerg Ground Armor Level 1  
  38  6:38  Zergling x4  
  38  6:39  Zergling x2  
  39  6:48  Zergling x2  
  39  6:52  Zergling x2  
  41  6:58  Zergling x4  
  41  6:59  Zergling x2  
  44  7:06  Overlord  
  44  7:13  Hatchery, Baneling  
  43  7:17  Drone  
  43  7:22  Overlord  
  44  7:24  Lair  
  44  7:26  Drone x4  
  44  7:27  Drone  
  49  7:31  Extractor  
  49  7:32  Extractor  
  49  7:33  Drone  
  49  7:36  Overlord  
  48  7:41  Drone x2  
  50  7:50  Zergling x4  
  45  7:53  Drone x2, Zergling x2  
  45  7:54  Drone  
  49  7:59  Drone  
  49  8:00  Zergling x2  
  49  8:05  Zergling x4  
  53  8:14  Zergling x2  
  53  8:16  Spine Crawler, Zergling x2  
  53  8:17  Spine Crawler, Baneling x2  
  53  8:19  Spine Crawler  
  51  8:21  Zergling x2  
  51  8:22  Baneling x2  
  52  8:27  Zergling x4  
  52  8:30  Zergling x2  
  52  8:32  Zergling x2  
  56  8:34  Baneling x2  
  56  8:43  Zergling x4  
  54  8:48  Overlord  
  54  8:50  Baneling  
  54  8:56  Zergling x2  
  54  8:57  Zergling x8  
  54  8:59  Zergling x2  
  54  9:00  Baneling  
  61  9:08  Zergling x2  
  51  9:11  Zergling x2  
  51  9:12  Zergling x4  
  41  9:21  Zergling x4  
  41  9:22  Zergling x8  
  47  9:30  Zergling x2  
  39  9:32  Baneling  
Tags
 
Add a new tag
Caveats
  • Supply blocks, unpowered buildings, or Contaminate may cause inaccurate times.
  • Supply counts are checked every 10 seconds.